 Dungeon Crawl Stone Soup version 0.31.0-11-ge490571c62 (webtiles) character file.

Game seed: 14517675422485360569

260 qw the Ducker (level 5, -2/25 HPs)
             Began as a Spriggan Hunter on Feb 5, 2024.
             Succumbed to their own poison gas
             ... on level 4 of the Dungeon.
             The game lasted 00:00:34 (1785 turns).

qw the Ducker (Spriggan Hunter)                     Turns: 1785, Time: 00:00:35

Health: -2/25      AC:  2    Str:  7    XL:     5   Next: 95%
Magic:  6/6        EV: 22    Int: 11    God:
Gold:   220        SH:  0    Dex: 20    Spells: 4/4 levels left

rFire   . . .        a - +0 shortbow
rCold   . . .        (shield currently unavailable)
rNeg    . . .        c - +0 robe
rPois   .            (helmet restricted)
rElec   .            (no cloak)
rCorr   .            (gloves unavailable)
SInv    +            (boots unavailable)
Will    .....        (no amulet)
Stlth   ++           (no ring)
HPRegen 0.24/turn    (no ring)
MPRegen 0.10/turn

%: no passive effects
@: lethally poisoned (-2 -> -18), very quick
A: very small, no large weapons, unfitting armour, see invisible, speed 3
a: no special abilities


You were on level 4 of the Dungeon.
You visited 1 branch of the dungeon, and saw 3 of its levels.

You collected 220 gold pieces.


Innate Abilities, Weirdness & Mutations

You are very small and have problems with some larger weapons.
You are too small for most types of armour.
You have supernaturally acute eyesight. (SInv)
You cover ground extremely quickly. (Speed+++)


   Skills:
 + Level 1.5 Fighting
 - Level 5.0 Ranged Weapons
 - Level 7.2 Dodging
 - Level 1.5 Stealth


You had 4 spell levels left.
You didn't know any spells.
Your spell library was empty.

Inventory:

Hand Weapons
 a - a +0 shortbow (weapon)
Armour
 c - a +0 robe (worn)
Scrolls
 b - a scroll of teleportation
Potions
 d - a potion of lignification {unknown}
 e - a potion of haste
 f - a potion of attraction {unknown}
 g - a potion of curing {unknown}
 h - a potion of might {unknown}

Dungeon Overview and Level Annotations

Branches:
Dungeon (4/15)
 Temple: D:4-7

Altars:

Shops:
D:2 [

Portals:
Ossuary: D:4

Annotations:
D:4 1 runed translucent door, qw's ghost, amateur DEHu


Message History

Enter note:
Enter note:
Enter note: You hear the brisk hiss of a distant avalanche of sand.
There is a stone staircase leading up here.
You open the door.
Found a sand-covered staircase.
There is an open door here.
1733 ||| READING scroll labelled MAGHEM RENOQI.
As you read the scroll labelled MAGHEM RENOQI, it crumbles to dust.
Your body is wracked with pain!
It was a scroll of torment.
You start resting.
You hear the brisk hiss of an avalanche of sand very nearby.
HP restored.
1779 ||| READING scroll labelled BITUTI SUZA.
As you read the scroll labelled BITUTI SUZA, it crumbles to dust.
It is a scroll of amnesia.
You feel forgetful for a moment.
1780 ||| READING scroll labelled PIREESEYSA.
The air fills with toxic fumes!
As you read the scroll labelled PIREESEYSA, it crumbles to dust.
It was a scroll of poison.
Sorry, I don't know how to get there.
Enter note:
Enter note:
Enter note: You are caught in the web!
You are engulfed in poison gas.
You are poisoned.
You feel very sick.
There is a web here.
1782 ||| Stepping ~*~*~tactically~*~*~ (cloud).
You disentangle yourself.
You are engulfed in poison gas.
You are lethally poisoned!
You feel extremely sick.
1783 ||| Stepping ~*~*~tactically~*~*~ (cloud).
You feel very sick.
There is an open door here.
There is a lethal amount of poison in your body!
You feel very sick.
There is a lethal amount of poison in your body!
You die...

#:# ##......##
#~# ##......##
#W# ##..#...##
#W#### #..##..##.
#S#..####.######.
######
#+#.......# #..
¤8¤8¤#
.....####.#
#.##¤¤¤¤¤##
##...# #.##
#.#¤¤8¤8¤¤# #####
#..# #¤@¤0¤¤¤¤¤#
##.# ##¤#¤¤8¤8¤¤#
#.###0¤##¤¤¤0¤##
#..#¤0..#¤8¤8¤#
##.#0¤..#######
#.¤¤.......
##¤¤.#####..
#..## #.##


There were no monsters in sight!

Vanquished Creatures
  Sigmund (D:4)
  An iguana (D:4)
  3 adders (D:2)
  3 ball pythons
  7 endoplasms
  A giant cockroach (D:2)
  A goblin (D:1)
  8 hobgoblins
  4 jackals (D:1)
  3 kobolds
  2 quokkas
  3 bats
  2 frilled lizards
  8 rats
47 creatures vanquished.

Notes
Turn   | Place    | Note
-------+----------+-------------------------------------------
     0 | D:1      | qw the Spriggan Hunter began the quest for the Orb.
     0 | D:1      | Reached XP level 1. HP: 10/10 MP: 2/2
     0 | D:1      | 0 ||| qw: Version: 0.3-a-160-g6735b56
     0 | D:1      | 0 ||| qw: Game counter: 6350
     0 | D:1      | 0 ||| qw: Melee chars always use a shield: true
     0 | D:1      | 0 ||| qw: God list: Okawaru
     0 | D:1      | 0 ||| qw: Allow faded altars: false
     0 | D:1      | 0 ||| qw: Do Orc after clearing Dungeon:15 true
     0 | D:1      | 0 ||| qw: Do second Lair branch before Depths: true
     0 | D:1      | 0 ||| qw: Lair rune preference: random
     0 | D:1      | 0 ||| qw: Goals: Normal
     0 | D:1      | 0 ||| PLANNING D:1-11
    33 | D:1      | Found a faded altar of an unknown god.
    51 | D:1      | Reached skill level 3 in Dodging
   238 | D:1      | Reached XP level 2. HP: 14/14 MP: 3/3
   303 | D:1      | Reached skill level 4 in Dodging
   543 | D:1      | Reached XP level 3. HP: 18/18 MP: 4/4
   784 | D:1      | 784 ||| READING scroll labelled KEQOBE GUHU.
   788 | D:1      | 788 ||| DRINKING 3 inky potions.
   789 | D:1      | 789 ||| DROPPING scroll of butterflies.
  1039 | D:2      | Found Ekany's Antique Armour Boutique.
  1175 | D:2      | Reached XP level 4. HP: 22/22 MP: 5/5
  1258 | D:2      | You fall into a shaft and drop 2 floors!
  1259 | D:4      | 1259 ||| PLANNING OSSUARY
  1552 | D:4      | Found a runed translucent door.
  1559 | D:4      | Noticed qw's ghost (amateur DEHu)
  1611 | D:4      | Noticed Sigmund
  1612 | D:4      | 1612 ||| DRINKING 2 potions of haste.
  1628 | D:4      | Killed Sigmund
  1629 | D:4      | Reached skill level 7 in Dodging
  1629 | D:4      | Reached XP level 5. HP: 17/25 MP: 6/6
  1732 | D:4      | Found a sand-covered staircase.
  1733 | D:4      | 1733 ||| READING scroll labelled MAGHEM RENOQI.
  1779 | D:4      | 1779 ||| READING scroll labelled BITUTI SUZA.
  1780 | D:4      | 1780 ||| READING scroll labelled PIREESEYSA.
  1782 | D:4      | 1782 ||| Stepping ~*~*~tactically~*~*~ (cloud).
  1783 | D:4      | 1783 ||| Stepping ~*~*~tactically~*~*~ (cloud).
  1784 | D:4      | HP: 2/25 [poisoned by you (poison gas)]
  1785 | D:4      | Succumbed to their own poison gas

Levels and vault maps discovered:
D:1:      dpeg_arrival_rhombus, layout_basic, basic_ecumenical_altar,
          minmay_pentomino_w4
D:2:      layout_loops_corners, serial_shops, nicolae_shop_scrapyard,
          minmay_misc_feat_chi, minmay_misc_feat_cross
D:4:      layout_cave_pods, ebering_ghost_sewer_d,
          mainiacjoe_ossuary_entry_dusty_tomb, chequers_serial_rivers_room_b,
          corexii_hall_statues_x, uniq_sigmund

Skill      XL: |  1  2  3  4 |
---------------+-------------+-----
Dodging        | 3 4 7 |  7.2
Ranged Weapons | 5 |  5.0
Fighting       | |  1.5
Stealth        | |  1.5

Action                     |  1- 3 |  4- 6 || total
---------------------------+-------+-------++-------
   Fire: Shortbow          |    92 |    36 ||   128
    Use: Potion            |     1 |     1 ||     2
         Scroll            |     1 |     3 ||     4
 Armour: Robe              |     9 |     3 ||    12
  Dodge: Dodged            |    29 |     7 ||    36

Table legend:
 A = Non-vault XP
 B = Vault XP
 C = Vault XP percentage of total XP
 D = Non-vault monster count
 E = Vault monster count
 F = Vault count percentage of total count
                 A         B        C        D         E       F
            +---------+---------+-------+---------+---------+-------
      Total |     136 |     236 |  63.4 |      40 |       7 |  14.9
            +---------+---------+-------+---------+---------+-------
        D:1 |      36 |      10 |  21.7 |      21 |       6 |  22.2
        D:2 |      54 |       0 |   0.0 |      13 |       0 |   0.0
        D:4 |      46 |     226 |  83.1 |       6 |       1 |  14.3
            +---------+---------+-------+---------+---------+-------
